 Dungeon Crawl Stone Soup version 0.30-a0-1043-g60ff8d5f49 (webtiles) character file.

Game seed: 5235456054723150224

38 BlueFish the Grasshopper (level 3, -1/25 HPs)
             Began as an Octopode Warper on Apr 10, 2023.
             Slain by an orc wizard
             ... wielding a +0 dagger
              (4 damage)
             ... on level 2 of the Dungeon.
             The game lasted 00:02:50 (1090 turns).

BlueFish the Grasshopper (Octopode Warper)          Turns: 1090, Time: 00:02:51

Health: -1/25      AC:  1    Str: 12    XL:     3   Next: 43%
Magic:  4/6        EV: 13    Int: 15    God:
Gold:   88         SH:  0    Dex: 11    Spells: 2/6 levels left

rFire   . . .      SeeInvis .      - Unarmed
rCold   . . .      Faith    .    (no shield)
rNeg    . . .      Spirit   .    (helmet restricted)
rPois   .          Reflect  .    (no amulet)
rElec   .          Rampage  .    (no ring)
rCorr   .                        (no ring)
Will    .....                    (no ring)
Stlth   +++                      (no ring)
HPRegen 0.24/turn                (no ring)
MPRegen 0.10/turn                (no ring)
                                 (no ring)
                                 (no ring)

@: no status effects
A: almost no armour, amphibious, 8 rings, camouflage 1, gelatinous body 1,
(nimble swimmer 1), tentacles
a: no special abilities


You were on level 2 of the Dungeon.
You visited 1 branch of the dungeon, and saw 2 of its levels.

You collected 88 gold pieces.

Inventory:

Missiles
 b - 7 boomerangs of dispersal
 d - 12 stones (quivered)
 e - 6 boomerangs
 g - 3 poisoned darts
Scrolls
 a - a scroll of blinking
 c - 2 scrolls of identify {unknown}
 f - a scroll of vulnerability {unknown}
 i - a scroll of poison {unknown}
Potions
 h - a potion of brilliance {unknown}


   Skills:
 + Level 2.4 Fighting
 + Level 1.3 Throwing
 + Level 2.5 Dodging
 * Level 2.2 Stealth
 + Level 2.1 Unarmed Combat
 + Level 2.2 Spellcasting
 + Level 3.1 Translocations


You had 2 spell levels left.
You knew the following spells:

 Your Spells              Type           Power      Damage    Failure   Level
a - Blink                 Tloc           22%        N/A       9%          2
b - Lesser Beckoning      Tloc           22%        N/A       9%          2

Your spell library contained the following spells:

 Spells                   Type           Power      Damage    Failure   Level
 Freeze                   Ice            4%         1d3       22%         1
 Teleport Other           Tloc           11%        N/A       19%         3
 Vhi's Electric Charge    Tloc/Air       12%        N/A       34%         3
 Manifold Assault         Tloc           11%        N/A       52%         4
 Frozen Ramparts          Ice            2%         1d1       54%         3
 Hailstorm                Conj/Ice       1%         3d3       54%         3


Dungeon Overview and Level Annotations

Branches:
Dungeon (2/15)

Altars:

Annotations:
D:2 Sigmund


Innate Abilities, Weirdness & Mutations

You cannot wear most types of armour.
You are amphibious.
You can wear up to eight rings at the same time.
Your skin changes colour to match your surroundings (Stealth+).
Your rubbery body absorbs attacks. (AC +1, EV +1)
((You are camouflaged when in or above water. (Stealth+)))
You have tentacles for arms and can constrict up to eight enemies at once.


Message History

Search for what [? for help]? stone HP restored.
You see here a +0 leather armour.
You now have 88 gold pieces (gained 10).
c - 2 scrolls labelled PYQURI TOIHEEFRONK (gained 1)
An orc wizard comes into view. It is wielding a +0 dagger.
You see here a scroll labelled CIASUO FOSI.
A bat comes into view.
Cast which spell? (? or * to list)
Aiming: Lesser Beckoning (safe; 9% risk of failure)
Press: ? - help, Shift-Dir - straight line, f - orc wizard
Aim: an orc wizard, wielding a +0 dagger and wearing a +0 robe (asleep, 100% to hit)
The orc wizard shouts!
The orc wizard hurls suddenly forward!
You hear a shout!
The orc wizard casts a spell at you. The puff of flame hits you!
A hobgoblin comes into view.
You tentacle-slap the orc wizard. Your grab misses the orc wizard.
The orc wizard is lightly wounded.
An orc comes into view. It is wielding a +0 hand axe.
An orc comes into view. It is wielding a +0 club.
The orc wizard hits you with a +0 dagger.
You closely miss the orc wizard.
The orc shouts!
Your grab misses the orc wizard.
The orc wizard is lightly wounded.
The orc wizard hits you with a +0 dagger.
You miss the orc wizard. You grab the orc wizard. You squeeze the orc wizard!
The orc wizard is almost dead.
You constrict the orc wizard, but do no damage.
The orc wizard points at you and mumbles some strange words.
The puff of flame hits you!
* * * LOW HITPOINT WARNING * * *
You barely miss the orc wizard.
The orc wizard is almost dead.
You constrict the orc wizard.
An orc comes into view. It is wielding a +0 short sword.
The orc wizard hits you with a +0 dagger.
You die...

#.#.?.......
#.
#.#..(...##.
#.
#.#.#....#
#.
#........#
## #.
###.##.....
.. ..
#.##.#......
#.##.##.#o#
#.##.###.#
#.....@o#
####.###o#
#... .#
##### o# .#
.# .


You could see an orc wizard and 3 orcs.

Vanquished Creatures
  5 dart slugs (D:1)
  3 endoplasms (D:1)
  A giant cockroach (D:2)
  2 goblins (D:1)
  3 hobgoblins (D:1)
  4 ball pythons (D:1)
  4 bats
  4 frilled lizards (D:1)
  4 rats (D:1)
30 creatures vanquished.

Notes
Turn   | Place    | Note
-------+----------+-------------------------------------------
     0 | D:1      | BlueFish the Octopode Warper began the quest for the Orb.
     0 | D:1      | Reached XP level 1. HP: 14/14 MP: 3/3
   134 | D:1      | Reached skill level 1 in Stealth
   134 | D:1      | Reached XP level 2. HP: 16/19 MP: 5/5
   137 | D:1      | Learned a level 2 spell: Blink
   140 | D:1      | Learned a level 2 spell: Lesser Beckoning
   612 | D:1      | Reached XP level 3. HP: 24/24 MP: 6/6
   954 | D:2      | Noticed Sigmund
  1090 | D:2      | Slain by an orc wizard

Illustrated notes

Levels and vault maps discovered:
D:1:      eino_arrival_water_cross, layout_loops_ring, corexii_leaking_fountain,
          minmay_hexomino_f4
D:2:      layout_loops_ring, basic_altar, minivault_23, uniq_sigmund

Skill      XL: |  1  2  3 |
---------------+----------+-----
Stealth        | 1 2 |  2.2
Fighting       | |  2.4
Throwing       | |  1.3
Dodging        | |  2.5
Unarmed Combat | |  2.1
Spellcasting   | |  2.2
Translocations | |  3.1

Action                     || total
---------------------------++-------
  Melee: Unarmed           ||    74
         Constrict         ||    17
         Tentacles         ||    10
         Punch             ||     1
   Cast: Lesser Beckoning  ||     1
   Stab: Sleeping          ||    10
 Armour: Skin              ||     5
  Dodge: Dodged            ||    48

Table legend: (Time is in decaauts)
 A = Elapsed time spent in this place.
 B = Non-inter-level travel time spent in this place.
 C = Inter-level travel time spent in this place.
 D = Time resting spent in this place.
 E = Time spent auto-exploring this place.
 F = Levels seen in this place.
 G = Mean time per level.
                   A        B        C        D        E       F      G
               +--------+--------+--------+--------+--------+-----+--------+
         Total |   1087 |   1024 |     63 |     46 |    765 |   2 |  543.5 |
       Dungeon |   1087 |   1024 |     63 |     46 |    765 |   2 |  543.5 |
               +--------+--------+--------+--------+--------+-----+--------+

Top non-repeatable levels by time:
     D:1: 980 daAuts
     D:2: 106 daAuts
